 Dungeon Crawl Stone Soup version 0.29-a0-187-ga23d9638d5 (webtiles) character file.

Game seed: 17431123644352133586

103 YayAnonymity the Poker (level 4, 0/61 HPs)
             Began as a Gnoll Berserker on Feb 21, 2022.
             Was a Believer of Trog.
             Succumbed to Terence's poison
             ... on level 2 of the Dungeon.
             The game lasted 00:03:20 (2081 turns).

YayAnonymity the Poker (Gnoll Berserker)            Turns: 2081, Time: 00:03:20

Health: 0/61       AC:  4    Str: 18    XL:     4   Next: 79%
Magic:  5/5        EV: 13    Int:  7    God:    Trog [**....]
Gold:   69         SH:  0    Dex: 11    Spells: 5/5 levels left

rFire   + + .      SeeInvis .   a - +0 spear
rCold   . . .      Faith    .   (no shield)
rNeg    . . .      Spirit   .   i - +1 leather armour {rF+}
rPois   .          Reflect  .   (no helmet)
rElec   .          Harm     .   (no cloak)
rCorr   .          Rampage  .   (no gloves)
Will    .....                   (no boots)
Stlth   ..........              (no amulet)
HPRegen 0.20/turn               h - ring of protection from fire
MPRegen 0.09/turn               (no ring)

@: mighty, berserking, lethally poisoned (0 -> -25), very quick
A: fangs 1, strong nose, distributed training
a: Renounce Religion, Berserk, Trog's Hand


You were on level 2 of the Dungeon.
You worshipped Trog.
Trog was pleased with you.
You visited 1 branch of the dungeon, and saw 2 of its levels.

You collected 69 gold pieces.

Inventory:

Hand Weapons
 a - a +0 spear (weapon)
Missiles
 c - 4 boomerangs (quivered)
 d - 6 poisoned darts
 f - 43 stones
Armour
 i - a +1 leather armour of fire resistance (worn)
Jewellery
 h - a ring of protection from fire (left hand)
Scrolls
 e - a scroll of teleportation {unknown}
 g - a scroll of fear {unknown}
 j - a scroll of magic mapping {unknown}
 k - 3 scrolls of identify {unknown}
 l - a scroll of noise {unknown}


   Skills:
 + Level 6.6 Fighting
 + Level 1.2 Short Blades
 + Level 1.2 Long Blades
 + Level 1.2 Axes
 + Level 1.2 Maces & Flails
 + Level 6.6 Polearms
 + Level 1.2 Staves
 + Level 1.2 Slings
 + Level 1.2 Bows
 + Level 1.2 Crossbows
 + Level 1.2 Throwing
 + Level 4.7 Armour
 + Level 4.7 Dodging
 + Level 1.2 Stealth
 + Level 1.2 Shields
 + Level 1.2 Unarmed Combat
 + Level 1.2 Spellcasting
 + Level 1.0 Conjurations
 + Level 1.0 Hexes
 + Level 1.0 Summonings
 + Level 1.0 Necromancy
 + Level 1.0 Translocations
 + Level 1.0 Transmutations
 + Level 1.0 Fire Magic
 + Level 1.0 Ice Magic
 + Level 1.0 Air Magic
 + Level 1.0 Earth Magic
 + Level 1.0 Poison Magic
 + Level 1.3 Invocations
 + Level 1.2 Evocations


You had 5 spell levels left.
You didn't know any spells.
Your spell library was empty.

Dungeon Overview and Level Annotations

Branches:
Dungeon (2/15)

Altars:

Annotations:
D:2 Terence


Innate Abilities, Weirdness & Mutations

You have very sharp teeth.
Your uncanny sense of smell can sniff out nearby items.
Your experience applies equally to all skills.


Message History

You hit Terence but do no damage.
Terence is moderately wounded.
Terence hits you with a +1 short sword of venom.
You are poisoned.
You hit Terence but do no damage.
Terence is moderately wounded.
You feel very sick.
You hit Terence but do no damage.
Terence is moderately wounded.
You feel very sick. Terence closely misses you.
You barely miss Terence.
Terence is moderately wounded.
You feel sick.
Terence hits you with a +1 short sword of venom!
You are lethally poisoned!
It was a potion of might.
You feel very mighty all of a sudden.
* * * LOW HITPOINT WARNING * * *
You feel very sick. Terence barely misses you.
A red film seems to cover your vision as you go berserk!
You feel yourself moving faster!
You feel mighty!
* * * LOW HITPOINT WARNING * * *
You feel very sick. Terence closely misses you.
You closely miss Terence.
Terence is moderately wounded.
* * * LOW HITPOINT WARNING * * *
You feel sick.
Terence hits you with a +1 short sword of venom.
* * * LOW HITPOINT WARNING * * *
You are more poisoned.
You closely miss Terence.
Terence is moderately wounded.
* * * LOW HITPOINT WARNING * * *
You feel very sick.
You puncture Terence!
Terence is severely wounded.
You die...

#### ..# #.#
#.###.######
#..)@.....#
#..##@####.#
# # #.#
#.##### #
..# #.....#
# .###
#.###.# # .#
#.###.# # #.
#...#.# # #
#.#.#.# #
#.#.#.#


You could see Terence.

Vanquished Creatures
  3 gnolls (D:2)
  3 adders (D:2)
  A worm (D:2)
  5 orcs (D:2)
  5 bats
  4 endoplasms
  5 giant cockroaches
  2 hobgoblins
  2 jackals (D:1)
  A quokka (D:2)
  4 ball pythons
  3 frilled lizards
  A goblin (D:2)
  A kobold (D:2)
  3 rats (D:1)
43 creatures vanquished.

Notes
Turn   | Place    | Note
-------+----------+-------------------------------------------
     0 | D:1      | YayAnonymity the Gnoll Berserker began the quest for the
                  | Orb.
     0 | D:1      | Reached XP level 1. HP: 23/23 MP: 1/1
   206 | D:1      | Reached XP level 2. HP: 29/29 MP: 2/2
  1109 | D:2      | Reached XP level 3. HP: 20/35 MP: 3/3
  1477 | D:2      | Reached skill level 1 in Invocations
  1557 | D:2      | Reached ** piety under Trog
  1581 | D:2      | Reached skill level 1 in Short Blades
  1581 | D:2      | Reached skill level 1 in Long Blades
  1581 | D:2      | Reached skill level 1 in Axes
  1581 | D:2      | Reached skill level 1 in Maces & Flails
  1581 | D:2      | Reached skill level 1 in Staves
  1581 | D:2      | Reached skill level 1 in Slings
  1581 | D:2      | Reached skill level 1 in Bows
  1581 | D:2      | Reached skill level 1 in Crossbows
  1581 | D:2      | Reached skill level 1 in Throwing
  1581 | D:2      | Reached skill level 1 in Stealth
  1581 | D:2      | Reached skill level 1 in Shields
  1581 | D:2      | Reached skill level 1 in Unarmed Combat
  1581 | D:2      | Reached skill level 1 in Spellcasting
  1581 | D:2      | Reached skill level 1 in Evocations
  1581 | D:2      | Reached XP level 4. HP: 29/41 MP: 5/5
  2063 | D:2      | Reached skill level 1 in Conjurations
  2063 | D:2      | Reached skill level 1 in Hexes
  2063 | D:2      | Reached skill level 1 in Summonings
  2063 | D:2      | Reached skill level 1 in Necromancy
  2063 | D:2      | Reached skill level 1 in Translocations
  2063 | D:2      | Reached skill level 1 in Transmutations
  2063 | D:2      | Reached skill level 1 in Fire Magic
  2063 | D:2      | Reached skill level 1 in Ice Magic
  2063 | D:2      | Reached skill level 1 in Air Magic
  2063 | D:2      | Reached skill level 1 in Earth Magic
  2063 | D:2      | Reached skill level 1 in Poison Magic
  2066 | D:2      | Noticed Terence
  2080 | D:2      | HP: 2/61 [poisoned by Terence]
  2081 | D:2      | Succumbed to Terence's poison

Illustrated notes

Levels and vault maps discovered:
D:1:      elethiomel_arrival_maze, layout_loops_ring, minivault_4
D:2:      minmay_evil_eye, layout_loops_corners, ebering_dispersal_statue_hall,
          chequers_serial_rivers_micro_a, uniq_jessica, uniq_terence

Skill      XL: |  1  2  3  4 |
---------------+-------------+-----
Invocations    | 1 |  1.3
Short Blades   | 1 |  1.2
Long Blades    | 1 |  1.2
Axes           | 1 |  1.2
Maces & Flails | 1 |  1.2
Staves         | 1 |  1.2
Slings         | 1 |  1.2
Bows           | 1 |  1.2
Crossbows      | 1 |  1.2
Throwing       | 1 |  1.2
Stealth        | 1 |  1.2
Shields        | 1 |  1.2
Unarmed Combat | 1 |  1.2
Spellcasting   | 1 |  1.2
Evocations     | 1 |  1.2
Conjurations   | 1 |  1.0
Hexes          | 1 |  1.0
Summonings     | 1 |  1.0
Necromancy     | 1 |  1.0
Translocations | 1 |  1.0
Transmutations | 1 |  1.0
Fire Magic     | 1 |  1.0
Ice Magic      | 1 |  1.0
Air Magic      | 1 |  1.0
Earth Magic    | 1 |  1.0
Poison Magic   | 1 |  1.0
Fighting       | |  6.6
Polearms       | |  6.6
Armour         | |  4.7
Dodging        | |  4.7

Action                   |  1- 3 |  4- 6 || total
-------------------------+-------+-------++-------
Melee: Spear             |   122 |    50 ||   172
       Bite              |     4 |     3 ||     7
Throw: Boomerang         |     4 |    13 ||    17
Invok: Berserk           |       |     1 ||     1
  Use: Potion            |       |     1 ||     1
 Stab: Sleeping          |     2 |       ||     2
Armor: Animal skin       |     6 |       ||     6
       Leather armour    |     5 |     7 ||    12
Dodge: Dodged            |    56 |    17 ||    73

Table legend: (Time is in decaauts)
 A = Elapsed time spent in this place.
 B = Non-inter-level travel time spent in this place.
 C = Inter-level travel time spent in this place.
 D = Time resting spent in this place.
 E = Time spent auto-exploring this place.
 F = Levels seen in this place.
 G = Mean time per level.
                   A        B        C        D        E       F      G
               +--------+--------+--------+--------+--------+-----+--------+
         Total |   2048 |   2024 |     24 |     24 |   1677 |   2 | 1024.0 |
       Dungeon |   2048 |   2024 |     24 |     24 |   1677 |   2 | 1024.0 |
               +--------+--------+--------+--------+--------+-----+--------+

Top non-repeatable levels by time:
     D:2: 1208 daAuts
     D:1: 839 daAuts
